 Dungeon Crawl Stone Soup version 0.31-a0-981-geadf994542 (webtiles) character file.

Game seed: 11122444526638635724

21339 Persephone the Mimic (level 12, 0/99 HPs)
             Began as an Octopode Shapeshifter on Oct 31, 2023.
             Was an Initiate of Gozag.
             Slain by a two-headed ogre
             ... wielding a +0 giant club
              (16 damage)
             ... on level 2 of the Orcish Mines.
             The game lasted 00:37:45 (15797 turns).

Persephone the Mimic (Octopode Shapeshifter)       Turns: 15797, Time: 00:37:46

Health: 0/99       AC: 11    Str: 22    XL:     12   Next: 89%
Magic:  12/12      EV: 11    Int: 19    God:    Gozag
Gold:   1638       SH:  5    Dex: 24    Spells: 11/11 levels left

rFire   + .          .
                       - Unarmed
rCold   . . .        m - melded +1 kite shield
rNeg    . . .        (helmet currently unavailable)
rPois   .            z - amulet of reflection
rElec   .            a - +6 ring of intelligence
rCorr   .            o - +6 ring of dexterity
SInv    .            r - +4 ring of slaying
Will    .....        v - +6 ring of dexterity
Stlth   ++           s - ring of protection from fire
HPRegen 0.36/turn    (no ring)
MPRegen 0.13/turn    (no ring)
                     (no ring)

%: reflection
@: mighty, snake-form, gold aura
A: constrict, boosted hp, almost no armour, amphibious, 8 rings, large,
(camouflage 1), (gelatinous body 1), (nimble swimmer 1), (tentacles), sense
surroundings 1
a: Begin Untransformation, Renounce Religion, Potion Petition, Call Merchant,
Bribe Branch


You were on level 2 of the Orcish Mines.
You worshipped Gozag.
Gozag was most pleased with you.
You were an enormous anaconda.
You visited 4 branches of the dungeon, and saw 16 of its levels.
You visited the Abyss 1 time.
You also visited: Sewer and Bailey.

You collected 5138 gold pieces.
You spent 867 gold pieces at shops.
You paid 2633 gold pieces to Gozag.

Inventory:

Hand Weapons
 y - a +0 club
Missiles
 w - 25 boomerangs
 x - 45 poisoned darts
 K - a throwing net
Armour
 m - a +1 kite shield (melded)
 p - the +3 warlock's mirror {omnireflect}
   (You found it in a bailey)

   Omnireflect: It can block and reflect piercing ranged attacks and magical
   attacks against the wielder's willpower.
 G - a scarf of repulsion
 L - a +0 hat of intelligence
Jewellery
 a - a +6 ring of intelligence (left tentacle)
 o - a +6 ring of dexterity (right tentacle)
 r - a +4 ring of slaying (on tentacle)
 s - a ring of protection from fire (on tentacle)
 v - a +6 ring of dexterity (on tentacle)
 z - an amulet of reflection (around neck)
Talismans
 b - a beast talisman
 c - a flux talisman
 e - a serpent talisman (active)
 J - a blade talisman
Scrolls
 f - 4 scrolls of poison
 h - a scroll of silence
 i - 3 scrolls of teleportation
 t - 6 scrolls of identify
 D - a scroll of enchant armour
 H - a scroll of fog
 M - a scroll of fear
Potions
 d - a potion of resistance
 g - a potion of magic
 j - a potion of enlightenment
 k - 5 potions of degeneration
 l - 3 potions of lignification
 n - 5 potions of curing
 q - 3 potions of cancellation
 C - 2 potions of berserk rage
 I - 5 potions of heal wounds
Miscellaneous
 u - a lightning rod (2/4)
 F - a tin of tremorstones (inert)


   Skills:
 + Level 8.2 Fighting
 - Level 2.0 Dodging
 - Level 5.2 Shields
 + Level 11.4 Unarmed Combat
 * Level 14.3 Shapeshifting


You had 11 spell levels left.
You didn't know any spells.
Your spell library contained the following spells:

 Spells                   Type           Power      Damage    Failure   Level
 Apportation              Tloc           0%         N/A       21%         1
 Necrotise                Necr           0%         1d4       21%         1
 Summon Small Mammal      Summ           0%         N/A       21%         1
 Blink                    Tloc           0%         N/A       30%         2
 Ensorcelled Hibernation  Hex/Ice        0%         N/A       30%         2
 Lesser Beckoning         Tloc           0%         N/A       30%         2
 Momentum Strike          Conj/Tloc      0%         3d8       30%         2
 Passwall                 Tmut/Erth      0%         N/A       30%         2
 Frozen Ramparts          Ice            0%         1d1       52%         3
 Gell's Gravitas          Tloc           0%         N/A       52%         3
 Inner Flame              Hex/Fire       0%         N/A       52%         3
 Swiftness                Air            0%         N/A       52%         3
 Teleport Other           Tloc           0%         N/A       52%         3
 Flame Wave               Conj/Fire      0%         2d4       90%         4
 Passage of Golubria      Tloc           0%         N/A       90%         4
 Petrify                  Tmut/Erth      0%         N/A       90%         4
 Sticky Flame             Conj/Fire      0%         2d3       90%         4
 Summon Lightning Spire   Summ/Air       0%         N/A       90%         4
 Lee's Rapid Deconstruct  Erth           0%         3d4*      99%         5
 Metabolic Englaciation   Hex/Ice        0%         N/A       99%         5
 Silence                  Hex/Air        0%         N/A       99%         5
 Dispersal                Tloc           0%         N/A       100%        6
 Lehudib's Crystal Spear  Conj/Erth      0%         10d2      100%        8
 Animate Armour           Summ/Erth      Unusable   N/A       N/A         4

Dungeon Overview and Level Annotations

Branches:
Dungeon (11/15)            Temple (1/1) D:5            Lair (2/5) D:10
    Orc (2/2) D:10            Elf (0/3) Orc:2         Sewer (visited)
 Bailey (visited)
  Swamp: Lair:2-3    Shoals: Lair:2-3     Snake: Lair:2-3    Spider: Lair:2-3

Altars:
Ashenzari
Cheibriados
Dithmenos
Elyvilon
Fedhas
Gozag
Hepliaklqana
Kikubaaqudgha
Makhleb
Nemelex Xobeh
Okawaru
Qazlal
Ru
Sif Muna
Trog
Uskayaw
Vehumet
Wu Jian
Xom
Yredelemnul
Zin
The Shining One

Shops:
D:3 [   D:5 [*   D:6 :   D:7 *   D:11 [   Orc:1 *


Innate Abilities, Weirdness & Mutations

You are an enormous anaconda.
You have a powerful constriction melee attack.
Your maximum health is increased.
Your armour is entirely melded.
You are incapable of wielding weapons or throwing items.
You cannot wear most types of armour.
You are amphibious.
You can wear up to eight rings at the same time.
((Your skin changes colour to match your surroundings (Stealth+).))
((Your rubbery body absorbs attacks. (AC +1, EV +1)))
((You are camouflaged when in or above water. (Stealth+)))
((You have tentacles for arms and can constrict up to eight enemies at once.))
You passively map a small area around you.


Message History

22 gold pieces; a +0 giant club A two-headed ogre comes into view.
It is wielding two +0 giant clubs.
The two-headed ogre shouts in stereo!
The orc wizard barely misses you. The ogre hits you with a +0 giant club!
The ogre mage casts a spell at you.
You suddenly lose the ability to move!
The orc wizard hits you with a +0 dagger.
The two-headed ogre hits you with a +0 giant club!!
The two-headed ogre hits you with a +0 giant club!
The ogre mage hits you but does no damage.
The ogre mage shouts!
You can move again.
You crush the ogre mage!!!
You kill the ogre mage!
The ogre hits you with a +0 giant club!
The orc wizard mumbles some strange words.
The orc wizard flickers and vanishes!
Deactivating autopickup; reactivate with Ctrl-A.
Your lightning rod (2/4) has regained one charge.
You body-slam the two-headed ogre!!
You grab the two-headed ogre.
The two-headed ogre is heavily wounded.
You constrict the two-headed ogre.
The two-headed ogre hits you with a +0 giant club!
* * * LOW HITPOINT WARNING * * *
The two-headed ogre hits you with a +0 giant club!
* * * LOW HITPOINT WARNING * * *
Something completely misses you.
The ogre mage points at the two-headed ogre and mumbles some strange words.
The two-headed ogre seems to speed up.
An ogre comes into view. It is wielding a +0 giant club.
You release your grip on the two-headed ogre.
Something hits you.
* * * LOW HITPOINT WARNING * * *
The ogre mage casts a spell at the ogre mage.
The ogre mage seems to speed up.
The two-headed ogre attacks as it pursues you!
The two-headed ogre barely misses you.
The two-headed ogre hits you with a +0 giant club!
You die...
Your body crumbles into a pile of gold.

############# * * *
**##......#.#..### * ,
##,#.....))...<...#...,
...#........S........
###. #....)..OO........
,
##...##..#...$..........
,
#...........O...........
......#....O............
........................
...#......O....#........
.. #.....O..............
* *.
##..................


You could see 2 two-headed ogres, 2 ogre magi and 2 ogres.

Vanquished Creatures
  An ogre mage (Orc:2)
  4 two-headed ogres
  3 orc knights
  An orc sorcerer (Orc:1)
  A manticore (D:11)
  An elephant (D:10)
  Maggie (D:5)
  A cane toad (Lair:1)
  A gargoyle (D:9)
  2 komodo dragons
  Jeremiah (D:6)
  2 trolls
  A burning bush (Lair:1)
  A polar bear (Lair:2)
  A hornet (D:9)
  7 blink frogs (Lair:1)
  A shadow (D:9)
  2 wraiths
  21 yaks
  Eustachio (D:5)
  2 wyverns (Lair:1)
  2 steam dragons (D:7)
  2 wargs
  3 water moccasins
  An ice beast (D:8)
  16 orc warriors
  3 sky beasts
  3 black bears
  3 centaurs
  13 ogres
  A wolf (Lair:1)
  3 phantoms
  8 kobold brigands
  10 bullfrogs
  5 scorpions
  A gnoll sergeant (D:10)
  7 killer bees
  4 howler monkeys
  2 hounds
  2 jellies
  10 orc priests
  Jessica (D:3)
  A sleepcap (D:6)
  2 iguanas
  19 orc wizards
  Robin (D:3)
  14 gnolls
  6 river rats
  12 adders
  A shadow imp (D:7)
  3 ufetubi
  An adder zombie (D:2)
  6 dart slugs
  66 orcs
  A bat skeleton (D:2)
  5 endoplasms
  8 giant cockroaches
  16 goblins
  11 hobgoblins
  7 jackals
  26 kobolds
  7 quokkas
  5 ball pythons
  7 bats
  10 frilled lizards
  A giant cockroach zombie (D:2)
  A quokka skeleton (D:2)
  12 rats
405 creatures vanquished.

Notes
Turn   | Place    | Note
-------+----------+-------------------------------------------
     0 | D:1      | Persephone the Octopode Shapeshifter began the quest for
                  | the Orb.
     0 | D:1      | Reached XP level 1. HP: 13/13 MP: 1/1
    73 | D:1      | Found a faded altar of an unknown god.
    86 | D:1      | Reached XP level 2. HP: 12/18 MP: 2/2
   254 | D:1      | Reached XP level 3. HP: 9/23 MP: 3/3
   767 | D:2      | Reached XP level 4. HP: 22/29 MP: 4/4
   776 | D:2      | Identified the +1 robe of Music {Str+3}
  1411 | D:3      | Reached XP level 5. HP: 34/34 MP: 5/5
  1451 | D:3      | Reached skill level 1 in Shields
  1459 | D:3      | Found a glowing drain.
  1463 | Sewer    | Entered a sewer
  1772 | Sewer    | Reached skill level 5 in Unarmed Combat
  1839 | Sewer    | Reached XP level 6. HP: 28/39 MP: 6/6
  2169 | D:3      | Noticed Robin
  2183 | D:3      | Reached skill level 4 in Shapeshifting
  2186 | D:3      | Killed Robin
  2348 | D:3      | Noticed Jessica
  2354 | D:3      | Killed Jessica
  2654 | D:3      | Found Gidier's Armour Emporium.
  3116 | D:4      | Reached XP level 7. HP: 23/45 MP: 7/7
  3277 | D:4      | Found a basalt altar of Yredelemnul.
  3868 | D:4      | Identified a scroll of acquirement
  3868 | D:4      | Acquired 1200 gold pieces
  3893 | D:5      | Entered Level 5 of the Dungeon
  3905 | D:5      | Reached XP level 8. HP: 50/50 MP: 8/8
  3990 | D:5      | Reached skill level 5 in Shapeshifting
  4002 | D:5      | Found Gojurej's Antique Armour Shoppe.
  4016 | D:5      | Noticed Eustachio
  4022 | D:5      | Killed Eustachio
  4158 | D:5      | Found a staircase to the Ecumenical Temple.
  4165 | Temple   | Entered the Ecumenical Temple
  4176 | Temple   | Became a worshipper of Gozag Ym Sagoz the Greedy
  4300 | D:5      | Bought a potion of heal wounds for 120 gold pieces
  5243 | D:6      | Noticed Maggie
  5258 | Abyss:1  | Cast into level 1 of the Abyss (Maggie)
  5321 | Abyss:1  | Noticed a thrashing horror
  5323 | Abyss:1  | Found a corrupted altar of Lugonu.
  5371 | Abyss:1  | Noticed a shining eye
  5392 | Abyss:1  | Noticed a rust devil
  5392 | Abyss:1  | Noticed a wraith
  5408 | Abyss:1  | Gained mutation: You have hidden genetic defects. [a
                  | shining eye]
  5426 | Abyss:1  | Noticed an ancient zyme
  5434 | Abyss:1  | Noticed a wretched star
  5441 | Abyss:1  | Noticed a raiju
  5497 | Abyss:1  | Noticed a green very ugly thing
  5513 | Abyss:1  | Noticed an apocalypse crab
  5514 | Abyss:1  | Noticed a catoblepas
  5515 | Abyss:1  | Found a corrupted altar of Lugonu.
  5517 | Abyss:1  | Noticed an eye of devastation
  5520 | D:5      | Escaped the Abyss
  5525 | D:5      | Killed Maggie
  5526 | D:5      | Reached skill level 5 in Shields
  5526 | D:5      | Reached skill level 6 in Shapeshifting
  5526 | D:5      | Reached XP level 9. HP: 35/54 MP: 9/9
  5526 | D:5      | Gained mutation: Your body sometimes deteriorates upon
                  | taking damage. [hidden defects]
  5528 | D:5      | Lost mutation: Your body sometimes deteriorates upon taking
                  | damage. [potion of mutation]
  5528 | D:5      | Lost mutation: You have hidden genetic defects. [potion of
                  | mutation]
  5528 | D:5      | Gained mutation: You passively map a small area around you.
                  | [potion of mutation]
  5778 | D:6      | Noticed Jeremiah
  6103 | D:6      | Reached skill level 7 in Shapeshifting
  6184 | D:6      | Found a hide-covered altar of Uskayaw.
  6187 | D:6      | Killed Jeremiah
  6245 | D:6      | Found Fomophy's Book Boutique.
  6308 | D:6      | Reached skill level 8 in Shapeshifting
  6741 | D:7      | Found a flagged portal.
  6749 | D:7      | Reached skill level 9 in Shapeshifting
  6754 | Bailey   | Entered a bailey
  6963 | Bailey   | Noticed an orc knight
  6975 | Bailey   | Killed an orc knight
  6976 | Bailey   | Reached skill level 10 in Shapeshifting
  6976 | Bailey   | Reached XP level 10. HP: 41/60 MP: 10/10
  7100 | Bailey   | Found the +3 warlock's mirror {omnireflect}
  7105 | Bailey   | HP: 2/72 [orc warrior/+0 war axe (9)]
  7114 | Bailey   | Found an iron altar of Okawaru.
  7124 | Bailey   | HP: 1/72 [asphyx]
  7888 | D:7      | Bought a lightning rod (4/4) for 440 gold pieces
  7888 | D:7      | Bought a potion of berserk rage for 55 gold pieces
  8228 | D:8      | Noticed a two-headed ogre
  8233 | D:8      | Killed a two-headed ogre
  8271 | D:8      | Found a shimmering blue altar of Sif Muna.
  8271 | D:8      | Found a hazy altar of Hepliaklqana.
  8273 | D:8      | Found an iron altar of Okawaru.
  8373 | D:8      | Found an ornate altar of the Wu Jian Council.
  8373 | D:8      | Noticed a two-headed ogre
  8400 | D:8      | Killed a two-headed ogre
  8401 | D:8      | Reached skill level 11 in Shapeshifting
  9227 | D:9      | Noticed a gargoyle
  9232 | D:9      | Killed a gargoyle
  9233 | D:9      | Reached XP level 11. HP: 70/70 MP: 11/11
  9553 | D:9      | Reached skill level 5 in Fighting
  9922 | D:9      | Found a broken altar of Ashenzari.
 10226 | D:10     | Entered Level 10 of the Dungeon
 10429 | D:10     | Reached skill level 12 in Shapeshifting
 10731 | D:10     | Found a staircase to the Lair.
 10887 | D:10     | Found a staircase to the Orcish Mines.
 11566 | D:10     | Found a sparkling altar of Nemelex Xobeh.
 11575 | D:10     | Found a blossoming altar of Fedhas.
 12093 | D:11     | Reached skill level 10 in Unarmed Combat
 12210 | D:11     | Noticed an orc knight
 12244 | D:11     | Killed an orc knight
 12600 | D:11     | Noticed a manticore
 12606 | D:11     | Killed a manticore
 12775 | D:11     | Noticed a two-headed ogre
 12784 | D:11     | Killed a two-headed ogre
 12785 | D:11     | Reached skill level 13 in Shapeshifting
 12785 | D:11     | Reached XP level 12. HP: 66/80 MP: 12/12
 13139 | D:11     | Bought an embroidered hat for 252 gold pieces
 13197 | Orc:1    | Entered Level 1 of the Orcish Mines
 13543 | Lair:1   | Entered Level 1 of the Lair of Beasts
 14820 | Lair:2   | Noticed a death yak
 14823 | Lair:2   | Noticed a death yak
 14823 | Lair:2   | Noticed a death yak
 14823 | Lair:2   | Noticed a death yak
 14824 | Lair:2   | Noticed a death yak
 14824 | Lair:2   | Noticed a death yak
 15029 | Lair:2   | Noticed a death yak
 15030 | Lair:2   | Noticed a death yak
 15032 | Lair:2   | Noticed a death yak
 15206 | Orc:1    | Found Fibbo Bity's Overcharged Wands.
 15245 | Orc:1    | Reached skill level 14 in Shapeshifting
 15680 | Orc:2    | Entered Level 2 of the Orcish Mines
 15712 | Orc:2    | Found a staircase to the Elven Halls.
 15718 | Orc:2    | Noticed a two-headed ogre
 15726 | Orc:2    | Killed a two-headed ogre
 15726 | Orc:2    | Noticed an ogre mage
 15747 | Orc:2    | Noticed an ogre mage
 15752 | Orc:2    | Noticed a two-headed ogre
 15753 | Orc:2    | Noticed an ogre mage
 15793 | Orc:2    | Noticed a two-headed ogre
 15793 | Orc:2    | Paralysed by an ogre mage for 2 turns
 15795 | Orc:2    | Killed an ogre mage
 15797 | Orc:2    | Slain by a two-headed ogre

Illustrated notes

Levels and vault maps discovered:
D:1:      minmay_arrival_plants_in_alcoves, layout_rooms,
          chequers_ecumenical_altar_island
D:2:      layout_rooms, serial_undead, serial_undead_e, serial_undead_e,
          serial_undead_f, serial_undead_f, serial_undead_f, serial_undead_c,
          serial_bayou_pond_a, item_on_display_a
D:3:      kennysheep_six_static_rooms, layout_rooms, gup_sewer_entry_spiral,
          serial_shops, nicolae_shop_trees, uniq_robin, uniq_jessica
D:4:      minmay_chambers_of_fours, layout_rooms, general_overflow_altar,
          serial_curves, eino_curves_04, eino_curves_04, eino_curves_01
D:5:      layout_loops_ring, temple_fountains, serial_shops, nicolae_shop_trees,
          minmay_misc_feat_diagonals, uniq_eustachio
D:6:      layout_cave_pools, lemuel_doored_altar, serial_shops,
          nicolae_shop_just_a_little_nook, minmay_a_box_with_orc_wizards_in_it,
          uniq_jeremiah, uniq_maggie
D:7:      layout_loops_ring, enter_bailey_6
D:8:      layout_loops_corners, nicolae_overflow_quartered_altars,
          due_unseen_surprise
D:9:      layout_basic, evilmike_ruin_ashenzari, minivault_19,
          grunt_ministairs_10
D:10:     layout_stronghold, mainiacjoe_overflow_swirl,
          grunt_lair_entry_orc_guard_hut, kennysheep_orc_monster_closet_entryway
D:11:     layout_loops_ring, lightli_church_of_beogh
Temple:   cyrus_circular_temple
Lair:1:   layout_cave_pods, evilmike_ambush [evilmike_ambush_outer_basic,
          evilmike_ambush_inner_basic]
Lair:2:   layout_gridlike, minmay_swamp_entry_worms
Orc:1:    layout_diamond_mine, portal_ice_cave_entry_pillars_1,
          nicolae_orc_sculptors_studio, nicolae_shop_overcharged_wands
Orc:2:    st_orc_ogre_mass, layout_caves, special_room, serial_shops, shop

Skill      XL: |  1  2  3  4  5  6  7  8  9 10 11 12 |
---------------+-------------------------------------+-----
Unarmed Combat | 4 5 6 8 9 10 11 | 11.4
Fighting       | 2 4 6 8 |  8.2
Shields        | 1 2 3 5 |  5.2
Shapeshifting  | 4 6 10 11 13 14 | 14.3
Dodging        | |  2.0

Action                     |  1- 3 |  4- 6 |  7- 9 | 10-12 || total
---------------------------+-------+-------+-------+-------++-------
  Melee: Unarmed           |    71 |   154 |   201 |   456 ||   882
         Constrict         |    18 |    37 |    43 |   123 ||   221
         Tentacles         |    12 |    32 |    22 |       ||    66
         Punch             |     3 |     3 |     5 |       ||    11
  Throw: Dart              |       |    45 |    10 |       ||    55
 Invoke: Call Merchant     |       |       |     1 |     2 ||     3
  Evoke: Wand              |       |     7 |    18 |    32 ||    57
         Lightning rod     |       |       |       |    11 ||    11
         Tin of tremorston |       |       |       |     2 ||     2
    Use: Potion            |     1 |     4 |     5 |    10 ||    20
         Scroll            |       |    10 |     7 |     9 ||    26
   Stab: Sleeping          |     1 |     5 |     7 |     6 ||    19
         Distracted        |       |       |     1 |     3 ||     4
 Armour: Skin              |    47 |    57 |    87 |   279 ||   470
  Dodge: Dodged            |    50 |    66 |    53 |   188 ||   357
  Block: Kite shield       |       |    41 |    66 |       ||   107
         Other             |       |       |    13 |    92 ||   105
         Reflection        |       |       |       |    12 ||    12
   Form: Anaconda          |       |       |     1 |       ||     1

Table legend: (Time is in decaauts)
 A = Elapsed time spent in this place.
 B = Non-inter-level travel time spent in this place.
 C = Inter-level travel time spent in this place.
 D = Time resting spent in this place.
 E = Time spent auto-exploring this place.
 F = Levels seen in this place.
 G = Mean time per level.
                   A        B        C        D        E       F      G
               +--------+--------+--------+--------+--------+-----+--------+
         Total |  15710 |  14922 |    788 |      0 |  12079 |  19 |  826.8 |
       Dungeon |  12197 |  11539 |    658 |      0 |   9688 |  11 | 1108.8 |
        Temple |     26 |      6 |     20 |      0 |      0 |   1 |   26.0 |
          Lair |   1484 |   1382 |    102 |      0 |   1117 |   2 |  742.0 |
  Orcish Mines |    720 |    712 |      8 |      0 |    469 |   2 |  360.0 |
         Abyss |    262 |    262 |      0 |      0 |     60 |   1 |  262.0 |
         Sewer |    657 |    657 |      0 |      0 |    476 |   1 |  657.0 |
        Bailey |    362 |    362 |      0 |      0 |    269 |   1 |  362.0 |
               +--------+--------+--------+--------+--------+-----+--------+

Top non-repeatable levels by time:
    D:10: 2149 daAuts
     D:5: 1423 daAuts
  Lair:1: 1370 daAuts
     D:8: 1321 daAuts
    D:11: 1147 daAuts
     D:3: 1081 daAuts
     D:4: 1077 daAuts
     D:9: 993 daAuts
     D:6: 872 daAuts
     D:7: 866 daAuts
     D:1: 751 daAuts
   Sewer: 657 daAuts
   Orc:1: 641 daAuts
     D:2: 513 daAuts
  Bailey: 362 daAuts
